SL
PENSACOLA BLUE WAHOOS @ MONTGOMERY BISCUITS
08/09/2099
 
TOP OF THE 1ST
Pensacola Blue Wahoos batting - Pitching for Montgomery Biscuits : RHP Jon Solis
Pitching: RHP Jon Solis
Batting: LHB Mike Besaw 0-0: Called Strike
0-1: Ball
1-1: Foul Ball, location: 5DF
1-2: Strikes out swinging
Batting: RHB Josh Meyers 0-0: Ball
1-0: Ground out 3-1 (Groundball, 34, EV 106.9 MPH)
Batting: RHB Andy Jackson 0-0: Called Strike
0-1: Ball
1-1: Foul Ball, location: 2F
1-2: Strikes out swinging
Top of the 1st over - 0 runs, 0 hits, 0 errors, 0 left on base; Pensacola 0 - Montgomery 0
BOTTOM OF THE 1ST
Montgomery Biscuits batting - Pitching for Pensacola Blue Wahoos : RHP Willis Romero
Pitching: RHP Willis Romero
Batting: RHB Melvin Casasola 0-0: Ball
1-0: DOUBLE (Line Drive, 9LM, EV 102.5 MPH)
Batting: RHB Eric Watts 0-0: Ball
1-0: Foul Ball, location: 2F
1-1: Swinging Strike
1-2: SINGLE (Groundball, 3S, EV 65.0 MPH) (infield hit)
Melvin Casasola to third
Batting: RHB Edgar Rivas 0-0: Foul Ball, location: 25FF
0-1: Swinging Strike
0-2: SINGLE (Line Drive, 56D, EV 98.8 MPH)
Melvin Casasola scores
Eric Watts to second
Batting: RHB Bobby Williams 0-0: Ball
1-0: Ball
2-0: Foul Ball, location: 2F
2-1: Foul Ball, location: 2F
2-2: Foul Ball, location: 5FF
2-2: Foul Ball, location: 25FF
2-2: Foul Ball, location: 2F
2-2: Fly out, F9 (Flyball, 89D, EV 106.3 MPH)
Runner from 2nd tags up, SAFE at 3rd, no throw by RF
Batting: LHB Paul Haynes 0-0: Ball
1-0: Swinging Strike
1-1: Foul Ball, location: 23F
1-2: Ball
2-2: Grounds out, U3 (Groundball, 3L, EV 85.6 MPH)
Eric Watts scores
Batting: RHB Daniel Rodriguez 0-0: Ball
1-0: Ball
2-0: Ball
3-0: Called Strike
3-1: Base on Balls
Batting: RHB Jeremy Richter 0-0: Swinging Strike
0-1: Fly out, F7 (Flyball, 7S, EV 75.0 MPH)
Bottom of the 1st over - 2 runs, 3 hits, 0 errors, 2 left on base; Pensacola 0 - Montgomery 2
TOP OF THE 2ND
Pensacola Blue Wahoos batting - Pitching for Montgomery Biscuits : RHP Jon Solis
Batting: RHB Miguel Maldonado 0-0: Ball
1-0: Called Strike
1-1: Ball
2-1: Foul Ball, location: 25F
2-2: Foul Ball, location: 9LDF
2-2: Strikes out swinging
Batting: LHB Jonathan Wilkerson 0-0: Ball
1-0: Foul Ball, location: 5FF
1-1: Swinging Strike
1-2: Ball
2-2: Strikes out swinging
Batting: RHB Josh Dresch 0-0: TRIPLE (Flyball, 78XD, EV 105.6 MPH)
Batting: LHB Tony Leandro 0-0: Called Strike
0-1: Foul Ball, location: 7LDF
0-2: SINGLE (Groundball, P, EV 80.6 MPH) (infield hit)
Josh Dresch scores
Batting: LHB Tim Weiss 0-0: Foul Ball, location: 2F
0-1: Called Strike
0-2: Ball
1-2: Ball
2-2: SINGLE (Line Drive, 7S, EV 104.4 MPH)
Tony Leandro to second
Batting: LHB Jonathan Phillips 0-0: Called Strike
0-1: Called Strike
0-2: Ball
1-2: Foul Ball, location: 2F
1-2: Ground out 4-3 (Groundball, 4, EV 86.9 MPH)
Top of the 2nd over - 1 run, 3 hits, 0 errors, 2 left on base; Pensacola 1 - Montgomery 2
BOTTOM OF THE 2ND
Montgomery Biscuits batting - Pitching for Pensacola Blue Wahoos : RHP Willis Romero
Batting: RHB John Wiersema 0-0: Fly out, F7 (Flyball, 7S, EV 76.3 MPH)
Batting: RHB Juan Parga 0-0: Called Strike
0-1: Ball
1-1: Swinging Strike
1-2: Foul Ball, location: 9LMF
1-2: Foul Ball, location: 23F
1-2: Ball
2-2: Foul Ball, location: 2F
2-2: Strikes out swinging
Batting: RHB Melvin Casasola 0-0: Ball
1-0: Ball
2-0: Ground out 6-3 (Groundball, 6MD, EV 103.8 MPH)
Bottom of the 2nd over - 0 runs, 0 hits, 0 errors, 0 left on base; Pensacola 1 - Montgomery 2
TOP OF THE 3RD
Pensacola Blue Wahoos batting - Pitching for Montgomery Biscuits : RHP Jon Solis
Batting: LHB Mike Besaw 0-0: Called Strike
0-1: Ball
1-1: Foul Ball, location: 7LMF
1-2: Strikes out swinging
Batting: RHB Josh Meyers 0-0: SINGLE (Groundball, 23, EV 68.1 MPH) (infield hit)
Batting: RHB Andy Jackson 0-0: Called Strike
0-1: Foul Ball, location: 7LMF
0-2: Ball
1-2: Ball
2-2: Ball
3-2: Strikes out swinging
Josh Meyers is caught stealing 2nd base 2-4
Batter strikes out.
Top of the 3rd over - 0 runs, 1 hit, 0 errors, 0 left on base; Pensacola 1 - Montgomery 2
BOTTOM OF THE 3RD
Montgomery Biscuits batting - Pitching for Pensacola Blue Wahoos : RHP Willis Romero
Batting: RHB Eric Watts 0-0: Ball
1-0: Called Strike
1-1: Ground out 6-3 (Groundball, 6, EV 98.1 MPH)
Batting: RHB Edgar Rivas 0-0: Ball
1-0: Called Strike
1-1: Called Strike
1-2: Ball
2-2: Strikes out swinging
Batting: RHB Bobby Williams 0-0: Called Strike
0-1: Foul Ball, location: 2F
0-2: Foul Ball, location: 9LDF
0-2: SINGLE (Line Drive, 9S, EV 106.3 MPH)
Batting: LHB Paul Haynes 0-0: Foul Ball, location: 2F
0-1: Ball
1-1: Ball
2-1: Fly out, F8 (Flyball, 8RD, EV 106.9 MPH)
Bottom of the 3rd over - 0 runs, 1 hit, 0 errors, 1 left on base; Pensacola 1 - Montgomery 2
TOP OF THE 4TH
Pensacola Blue Wahoos batting - Pitching for Montgomery Biscuits : RHP Jon Solis
Batting: RHB Miguel Maldonado 0-0: Ball
1-0: Ball
2-0: Ball
3-0: Called Strike
3-1: Fly out, F2 (Popup, 2RF, EV 89.4 MPH)
Batting: LHB Jonathan Wilkerson 0-0: Ball
1-0: Called Strike
1-1: Ball
2-1: Ball
3-1: Foul Ball, location: 2F
3-2: Ground out U3 (Groundball, 3, EV 105.6 MPH)
Batting: RHB Josh Dresch 0-0: Swinging Strike
0-1: Swinging Strike
0-2: Foul Ball, location: 9LMF
0-2: Ball
1-2: Strikes out looking
Top of the 4th over - 0 runs, 0 hits, 0 errors, 0 left on base; Pensacola 1 - Montgomery 2
BOTTOM OF THE 4TH
Montgomery Biscuits batting - Pitching for Pensacola Blue Wahoos : RHP Willis Romero
Batting: RHB Daniel Rodriguez 0-0: Ball
1-0: DOUBLE (Flyball, 8RXD, EV 93.8 MPH)
Batting: RHB Jeremy Richter 0-0: Swinging Strike
0-1: Ball
1-1: Ground out 6-3 (Groundball, 6, EV 81.9 MPH)
Batting: RHB John Wiersema 0-0: Called Strike
0-1: Called Strike
0-2: Strikes out looking
Batting: RHB Juan Parga 0-0: Swinging Strike
0-1: SINGLE (Groundball, 4MD, EV 105.6 MPH)
Daniel Rodriguez to third
Runner from 3rd tries for Home, SAFE, throw by CF to home
Batting: RHB Melvin Casasola 0-0: Called Strike
0-1: Foul Ball, location: 9LMF
0-2: SINGLE (Groundball, 34D, EV 97.5 MPH)
Juan Parga to second
Runner from 2nd tries for 3rd, SAFE, no throw by RF
Batting: RHB Eric Watts 0-0: Fly out, F8 (Flyball, 8RD, EV 83.1 MPH)
Bottom of the 4th over - 1 run, 3 hits, 0 errors, 2 left on base; Pensacola 1 - Montgomery 3
TOP OF THE 5TH
Pensacola Blue Wahoos batting - Pitching for Montgomery Biscuits : RHP Jon Solis
Batting: LHB Tony Leandro 0-0: Foul Ball, location: 2F
0-1: Ball
1-1: Called Strike
1-2: Ball
2-2: Ball
3-2: Foul Ball, location: 2F
3-2: Foul Ball, location: 9LDF
3-2: Base on Balls
Batting: LHB Tim Weiss 0-0: Ball
1-0: Called Strike
Tony Leandro is caught stealing 2nd base 2-6
1-1: Ball
2-1: Swinging Strike
2-2: Foul Ball, location: 23F
2-2: Foul Ball, location: 2F
2-2: Strikes out looking
Batting: LHB Jonathan Phillips 0-0: Fly out, F8 (Flyball, 8LD, EV 110.0 MPH)
Top of the 5th over - 0 runs, 0 hits, 0 errors, 0 left on base; Pensacola 1 - Montgomery 3
BOTTOM OF THE 5TH
Montgomery Biscuits batting - Pitching for Pensacola Blue Wahoos : RHP Willis Romero
Batting: RHB Edgar Rivas 0-0: Ball
1-0: Called Strike
1-1: Ball
2-1: Fly out, F8 (Flyball, 8RD, EV 107.5 MPH)
Batting: RHB Bobby Williams 0-0: Swinging Strike
0-1: Called Strike
0-2: Foul Ball, location: 25F
0-2: Ball
1-2: Ball
2-2: Foul Ball, location: 23F
2-2: Strikes out looking
Batting: LHB Paul Haynes 0-0: Fly out, F8 (Flyball, 78S, EV 92.5 MPH)
Bottom of the 5th over - 0 runs, 0 hits, 0 errors, 0 left on base; Pensacola 1 - Montgomery 3
TOP OF THE 6TH
Pensacola Blue Wahoos batting - Pitching for Montgomery Biscuits : RHP Jon Solis
Batting: LHB Mike Besaw 0-0: DOUBLE (Line Drive, 78D, EV 110.6 MPH)
Batting: RHB Josh Meyers 0-0: Foul Ball, location: 2F
0-1: Swinging Strike
0-2: Ball
1-2: Ball
2-2: Ball
3-2: Base on Balls
Batting: RHB Andy Jackson 0-0: Ball
1-0: Ball
2-0: Foul Ball, location: 5F
2-1: Grounds into double play, 4-6-3 (Groundball, 4MD, EV 107.5 MPH)
Mike Besaw to third
Batting: RHB Miguel Maldonado 0-0: DOUBLE (Groundball, 5L, EV 105.0 MPH)
Mike Besaw scores
Batting: LHB Jonathan Wilkerson 0-0: Ball
1-0: Foul Ball, location: 5FF
1-1: Ground out 6-3 (Groundball, P, EV 86.9 MPH)
Top of the 6th over - 1 run, 2 hits, 0 errors, 1 left on base; Pensacola 2 - Montgomery 3
BOTTOM OF THE 6TH
Montgomery Biscuits batting - Pitching for Pensacola Blue Wahoos : RHP Willis Romero
Batting: RHB Daniel Rodriguez 0-0: Ball
1-0: Foul Ball, location: 5DF
1-1: Ball
2-1: Called Strike
2-2: Ball
3-2: Base on Balls
Batting: RHB Jeremy Richter 0-0: Grounds into double play, 1-6-3 (Groundball, 13S, EV 63.8 MPH)
Batting: RHB John Wiersema 0-0: Ball
1-0: Ball
2-0: Ball
3-0: Called Strike
3-1: Base on Balls
Batting: RHB Juan Parga 0-0: Called Strike
0-1: Fielders Choice at 2nd, 6-4 (Groundball, 6, EV 100.6 MPH)
Bottom of the 6th over - 0 runs, 0 hits, 0 errors, 1 left on base; Pensacola 2 - Montgomery 3
TOP OF THE 7TH
Pensacola Blue Wahoos batting - Pitching for Montgomery Biscuits : RHP Jon Solis
Batting: RHB Josh Dresch 0-0: Ground out 5-3 (Groundball, 56S, EV 89.4 MPH)
Batting: LHB Tony Leandro 0-0: Fly out, F9 (Flyball, 9, EV 84.4 MPH)
Batting: LHB Tim Weiss 0-0: Called Strike
0-1: Reached on error, E5 (Groundball, 5, EV 78.8 MPH)
Pitching: LHP Fernando Mendoza
Batting: LHB Jonathan Phillips 0-0: Fly out, F8 (Flyball, 8LXD, EV 97.5 MPH)
Top of the 7th over - 0 runs, 0 hits, 1 error, 1 left on base; Pensacola 2 - Montgomery 3
BOTTOM OF THE 7TH
Montgomery Biscuits batting - Pitching for Pensacola Blue Wahoos : RHP Willis Romero
Batting: RHB Melvin Casasola 0-0: Swinging Strike
0-1: Ball
1-1: Swinging Strike
1-2: Strikes out looking
Batting: RHB Eric Watts 0-0: Ball
1-0: Foul Ball, location: 5F
1-1: Foul Ball, location: 2F
1-2: Ground out 6-3 (Groundball, 6, EV 83.8 MPH)
Batting: RHB Edgar Rivas 0-0: Called Strike
0-1: Ball
1-1: Foul Ball, location: 7LSF
1-2: Foul Ball, location: 2F
1-2: Ball
2-2: Foul Ball, location: 25FF
2-2: Foul Ball, location: 9LSF
2-2: Ball
3-2: Strikes out swinging
Bottom of the 7th over - 0 runs, 0 hits, 0 errors, 0 left on base; Pensacola 2 - Montgomery 3
TOP OF THE 8TH
Pensacola Blue Wahoos batting - Pitching for Montgomery Biscuits : LHP Fernando Mendoza
Batting: LHB Mike Besaw 0-0: Swinging Strike
0-1: Foul Ball, location: 2F
0-2: Ball
1-2: Ball
2-2: Foul Ball, location: 2F
2-2: Ball
3-2: Base on Balls
Batting: RHB Josh Meyers 0-0: Ball
1-0: Called Strike
1-1: Ball
2-1: DOUBLE (Line Drive, 7LS, EV 109.4 MPH)
Mike Besaw to third
Batting: RHB Andy Jackson 0-0: Ball
1-0: Fly out, F8 (Flyball, 8RM, EV 93.1 MPH)
Runner from 3rd tags up, SCORES, no throw by CF
Batting: RHB Miguel Maldonado 0-0: Intentional Walk
Batting: RHB Kyle Chouinard 0-0: Ball
1-0: Ball
2-0: Ball
3-0: Base on Balls
Josh Meyers to third
Miguel Maldonado to second
Batting: RHB Josh Dresch 0-0: Swinging Strike
0-1: Ball
1-1: Foul Ball, location: 9LMF
1-2: Ball
2-2: Strikes out looking
Batting: LHB Tony Leandro 0-0: Ball
1-0: Called Strike
1-1: Fly out, F8 (Flyball, 8LD, EV 91.9 MPH)
Top of the 8th over - 1 run, 1 hit, 0 errors, 3 left on base; Pensacola 3 - Montgomery 3
BOTTOM OF THE 8TH
Montgomery Biscuits batting - Pitching for Pensacola Blue Wahoos : RHP Willis Romero
Pitching: LHP Ricardo Soto
Batting: RHB Bobby Williams 0-0: Called Strike
0-1: Ball
1-1: Fly out, F4 (Popup, 34D, EV 60.6 MPH)
Pinch Hitting: RHB Willie Gonzaga 0-0: Called Strike
0-1: Foul Ball, location: 2F
0-2: Ball
1-2: Foul Ball, location: 9LSF
1-2: Ball
2-2: Ball
3-2: Strikes out swinging
Batting: RHB Daniel Rodriguez 0-0: Called Strike
0-1: Called Strike
0-2: Ball
1-2: Strikes out swinging
Bottom of the 8th over - 0 runs, 0 hits, 0 errors, 0 left on base; Pensacola 3 - Montgomery 3
TOP OF THE 9TH
Pensacola Blue Wahoos batting - Pitching for Montgomery Biscuits : LHP Fernando Mendoza
Now in RF: Alex Flores
Batting: LHB Tim Weiss 0-0: Called Strike
0-1: Ball
1-1: Foul Ball, location: 2F
1-2: Strikes out looking
Pinch Hitting: SHB Mike Pagan 0-0: Called Strike
0-1: Ball
1-1: Called Strike
1-2: Strikes out looking
Batting: LHB Mike Besaw 0-0: Called Strike
0-1: Swinging Strike
0-2: Strikes out swinging
Top of the 9th over - 0 runs, 0 hits, 0 errors, 0 left on base; Pensacola 3 - Montgomery 3
BOTTOM OF THE 9TH
Montgomery Biscuits batting - Pitching for Pensacola Blue Wahoos : LHP Ricardo Soto
Now in RF: Dennis Lamb
Batting: RHB Jeremy Richter 0-0: Fly out, F8 (Line Drive, 8RM, EV 93.8 MPH)
Batting: RHB John Wiersema 0-0: Called Strike
0-1: Ball
1-1: Foul Ball, location: 2F
1-2: Strikes out swinging
Batting: RHB Juan Parga 0-0: Called Strike
0-1: DOUBLE (Flyball, 8RXD, EV 112.5 MPH)
Batting: RHB Melvin Casasola 0-0: Foul Ball, location: 2F
0-1: Fly out, F9 (Flyball, 89M, EV 92.5 MPH)
Bottom of the 9th over - 0 runs, 1 hit, 0 errors, 1 left on base; Pensacola 3 - Montgomery 3
TOP OF THE 10TH
Pensacola Blue Wahoos batting - Pitching for Montgomery Biscuits : LHP Fernando Mendoza
Mike Besaw starts the inning at 2nd base.
Pitching: RHP Pedro Ruiz
Batting: RHB Josh Meyers 0-0: Ball
1-0: Called Strike
1-1: Foul Ball, location: 2F
1-2: Strikes out swinging
Pinch Hitting: LHB Jack Caltabiano 0-0: Foul Ball, location: 2F
0-1: Ball
1-1: Called Strike
1-2: Ball
2-2: SINGLE (Line Drive, 56D, EV 99.4 MPH)
Mike Besaw to third
Batting: RHB Miguel Maldonado 0-0: Ball
1-0: Foul Ball, location: 2F
1-1: Foul Ball, location: 2F
1-2: Foul Ball, location: 2F
1-2: SINGLE (Line Drive, 34D, EV 109.4 MPH)
Mike Besaw scores
Jack Caltabiano to second
Batting: RHB Kyle Chouinard 0-0: Ball
1-0: Ball
2-0: Ball
3-0: Called Strike
3-1: SINGLE (Groundball, 56D, EV 97.5 MPH)
Jack Caltabiano to third
Miguel Maldonado to second
Batting: RHB Josh Dresch 0-0: Grounds into double play, 4-2-3 (Groundball, 34, EV 103.8 MPH)
Top of the 10th over - 1 run, 3 hits, 0 errors, 2 left on base; Pensacola 4 - Montgomery 3
BOTTOM OF THE 10TH
Montgomery Biscuits batting - Pitching for Pensacola Blue Wahoos : LHP Ricardo Soto
Melvin Casasola starts the inning at 2nd base.
Now at 1B: Jack Caltabiano
Now in LF: Dennis Lamb
Now in CF: Ivan Gallegos
Now in RF: Mike Besaw
Batting: RHB Eric Watts 0-0: SINGLE (Groundball, 4MD, EV 102.5 MPH)
Melvin Casasola to third
Runner from 3rd tries for Home, SAFE, throw by CF to home
Eric Watts to second
Batting: RHB Edgar Rivas 0-0: Intentional Walk
Batting: RHB Bobby Williams 0-0: Ball
1-0: Called Strike
1-1: Ball
2-1: Foul Ball, location: 9LSF
2-2: Foul Ball, location: 25F
2-2: Fly out, F3 (Popup, 3SF, EV 90.6 MPH)
Pinch Hitting: RHB Jason William 0-0: Ball
1-0: Swinging Strike
1-1: Ball
2-1: Ball
3-1: Fielders Choice at 2nd, 2-6 (Groundball, 2R, EV 73.1 MPH)
Eric Watts to third
Batting: RHB Daniel Rodriguez 0-0: Called Strike
0-1: Foul Ball, location: 5FF
0-2: Strikes out swinging
Bottom of the 10th over - 1 run, 1 hit, 0 errors, 2 left on base; Pensacola 4 - Montgomery 4
TOP OF THE 11TH
Pensacola Blue Wahoos batting - Pitching for Montgomery Biscuits : RHP Pedro Ruiz
Josh Dresch starts the inning at 2nd base.
Now in RF: Adam Jensen
Batting: LHB Tony Leandro 0-0: Foul Ball, location: 9LMF
0-1: Ball
1-1: Called Strike
1-2: Ground out 5-3 (Groundball, 56, EV 83.8 MPH)
Batting: LHB Tim Weiss 0-0: Ball
1-0: Ball
2-0: Ball
3-0: Called Strike
3-1: Called Strike
3-2: Strikes out swinging
Batting: LHB Dennis Lamb 0-0: Fly out, F7 (Flyball, 7LM, EV 99.4 MPH)
Top of the 11th over - 0 runs, 0 hits, 0 errors, 1 left on base; Pensacola 4 - Montgomery 4
BOTTOM OF THE 11TH
Montgomery Biscuits batting - Pitching for Pensacola Blue Wahoos : LHP Ricardo Soto
Daniel Rodriguez starts the inning at 2nd base.
Batting: RHB Jeremy Richter 0-0: Intentional Walk
Pitching: RHP Dusty Sledge
Batting: RHB John Wiersema 0-0: Swinging Strike
0-1: Sac Bunt to 15S - play at first, batter OUT! 1-4
Daniel Rodriguez to third
Jeremy Richter to second
Batting: RHB Juan Parga 0-0: Ball
1-0: Foul Ball, location: 2F
1-1: Ball
Wild Pitch!
Daniel Rodriguez scores
Bottom of the 11th over - 1 run, 0 hits, 0 errors, 1 left on base; Pensacola 4 - Montgomery 5
Tuesday, May 14th , 2024 - OOTP Baseball 24.11 Build 85